 Dungeon Crawl Stone Soup version 0.31-a0-424-g41b3b0883d (webtiles) character file.

Game seed: 6712261912873466821

54 AdnanSaban the Trooper (level 3, -2/24 HPs)
             Began as a Gargoyle Fighter on July 30, 2023.
             Slain by Natasha (3 damage)
             ... on level 2 of the Dungeon.
             The game lasted 00:00:53 (891 turns).

AdnanSaban the Trooper (Gargoyle Fighter)            Turns: 891, Time: 00:00:54

Health: -2/24      AC: 10    Str: 21    XL:     3   Next: 91%
Magic:  3/3        EV:  6    Int:  8    God:
Gold:   126        SH:  4    Dex:  9    Spells: 2/2 levels left

rFire   . . .        a - +0 flail
rCold   . . .        c - +0 buckler
rNeg    + . .        b - +0 scale mail
rPois   ∞            (no helmet)
rElec   +            (no cloak)
rCorr   .            (no gloves)
SInv    .            (no boots)
Will    .....        (no amulet) Stlth
                     (no ring)
HPRegen 0.24/turn    (no ring)
MPRegen 0.08/turn

%: no passive effects
@: constricted
A: sickness immunity, AC +3, negative energy resistance 1, electricity
resistance, torment resistance 1, petrification resistance
a: no special abilities


You were on level 2 of the Dungeon.
You visited 1 branch of the dungeon, and saw 2 of its levels.

You collected 126 gold pieces.

Inventory:

Hand Weapons
 a - a +0 flail (weapon)
Missiles
 l - 12 stones (quivered)
Armour
 b - a +0 scale mail (worn)
 c - a +0 buckler (worn)
Jewellery
 e - a ring of fire
Scrolls
 i - a scroll of fear {unknown}
 k - 3 scrolls of identify {unknown}
Potions
 d - 2 potions of might
 f - 3 potions of heal wounds {unknown}
 g - a potion of invisibility {unknown}
 h - a potion of curing {unknown}
 j - a potion of attraction {unknown}


   Skills:
 + Level 3.8 Fighting
 + Level 2.9 Maces & Flails
 + Level 3.7 Armour
 + Level 0.1 Dodging
 + Level 3.6 Shields


You had 2 spell levels left.
You didn't know any spells.
Your spell library contained the following spells:

 Spells                   Type           Power      Damage    Failure   Level
 Ensorcelled Hibernation  Hex/Ice        0%         N/A       91%         2
 Passwall                 Tmut/Erth      0%         N/A       91%         2
 Poisonous Vapours        Pois/Air       0%         N/A       91%         2
 Mephitic Cloud           Conj/Pois/Air  0%         N/A       99%         3
 Swiftness                Air            0%         N/A       99%         3
 Freezing Cloud           Conj/Ice/Air   0%         6-21      100%        5


Dungeon Overview and Level Annotations

Branches:
Dungeon (2/15)

Altars:

Annotations:
D:2 Natasha, Sigmund


Innate Abilities, Weirdness & Mutations

You are immune to sickness and miasma.
Your stone body is resilient. (AC +3)
You are immune to poison.
You resist negative energy. (rN+)
You are resistant to electric shocks. (rElec)
You are resistant to unholy torment.
You are immune to petrification.


Message History

You are too injured to fight recklessly!
You are too injured to fight recklessly!
You are too injured to fight recklessly!
You are too injured to fight recklessly!
You are too injured to fight recklessly!
You are too injured to fight recklessly!
You are too injured to fight recklessly!
Unknown command.
You miss Natasha.
The ball python bites you but does no damage.
The ball python constricts you.
Natasha wildly gestures.
Natasha's front paws start to glow.
Natasha claws you but does no damage. The ball python barely misses you.
The ball python constricts you.
You sock Natasha!
Natasha is heavily wounded.
Natasha claws you.
The ball python bites you but does no damage.
The ball python constricts you. Natasha claws you but does no damage.
You hit Natasha.
Natasha is severely wounded.
The ball python bites you. The ball python constricts you.
* * * LOW HITPOINT WARNING * * *
Natasha casts a spell.
The ball python bites you but does no damage.
The ball python constricts you.
You hit Natasha.
Natasha is severely wounded.
The ball python bites you.
* * * LOW HITPOINT WARNING * * *
The ball python constricts you. Natasha claws you but does no damage.
You block the ball python's attack. The ball python constricts you.
You hit Natasha.
Natasha is almost dead.
Natasha claws you.
* * * LOW HITPOINT WARNING * * *
The cerulean imp barely misses you. The ball python closely misses you.
The ball python constricts you. Natasha claws you.
You die...

..........#.##..#
................#
..............).#
................###
.................<##
....................
........h.......!5##
..........#..#..h..#
...#............@S.#
.......
....##.........
.###### . #..◎......
.# #......... ...
.......... ...
..###...... ##. ..
#...#. # ... ##.. ..


You could see Natasha, a cerulean imp (summoned) and a ball python.

Vanquished Creatures
  Natasha (D:2)
  An adder (D:2)
  An endoplasm (D:2)
  A giant cockroach (D:2)
  A goblin (D:1)
  3 hobgoblins
  2 jackals (D:2)
  3 ball pythons
  A bat (D:1)
  2 frilled lizards (D:1)
  3 kobolds
  A rat (D:2)
20 creatures vanquished.

Notes
Turn   | Place    | Note
-------+----------+-------------------------------------------
     0 | D:1      | AdnanSaban the Gargoyle Fighter began the quest for the
                  | Orb.
     0 | D:1      | Reached XP level 1. HP: 14/14 MP: 1/1
   317 | D:1      | Reached XP level 2. HP: 17/19 MP: 2/2
   681 | D:2      | Found a faded altar of an unknown god.
   681 | D:2      | Noticed Natasha
   687 | D:2      | Killed Natasha
   688 | D:2      | Reached XP level 3. HP: 24/24 MP: 3/3
   771 | D:2      | Noticed Sigmund
   778 | D:2      | Noticed Natasha
   891 | D:2      | HP: 1/24 [Natasha (6)]
   891 | D:2      | Slain by Natasha

Illustrated notes

Levels and vault maps discovered:
D:1:      scummos_arrival_forest, layout_loops_cross, minmay_hedge_maze
D:2:      layout_rooms, shapermc_ecumenical_altar_mp_urbaneastern, basic_altar,
          uniq_sigmund, uniq_natasha, uniq_crazy_yiuf_cottage

Action                     || total
---------------------------++-------
  Melee: Flail             ||    69
 Armour: Scale mail        ||    51
  Dodge: Dodged            ||    41
  Block: Buckler           ||    14

Table legend: (Time is in decaauts)
 A = Elapsed time spent in this place.
 B = Non-inter-level travel time spent in this place.
 C = Inter-level travel time spent in this place.
 D = Time resting spent in this place.
 E = Time spent auto-exploring this place.
 F = Levels seen in this place.
 G = Mean time per level.
                   A        B        C        D        E       F      G
               +--------+--------+--------+--------+--------+-----+--------+
         Total |    911 |    873 |     38 |     72 |    623 |   2 |  455.5 |
       Dungeon |    911 |    873 |     38 |     72 |    623 |   2 |  455.5 |
               +--------+--------+--------+--------+--------+-----+--------+

Top non-repeatable levels by time:
     D:1: 717 daAuts
     D:2: 194 daAuts
